 Dungeon Crawl Stone Soup version 0.26-b1-32-g5d43845318 (webtiles) character file.

Game seed: 8019071315883833810

8449 Yorgos the Blocker (level 11, -2/90 HPs)
             Began as a Formicid Fighter on Jan 12, 2021.
             Was an Elder of Cheibriados.
             Slain by a ten-headed hydra (10 damage)
             ... on level 11 of the Dungeon.
             The game lasted 00:13:14 (9697 turns).

Yorgos the Blocker (Formicid Fighter)               Turns: 9697, Time: 00:13:14

Health: -2/90      AC: 15    Str: 34    XL:     11   Next: 56%
Magic:  11/11      EV: 10    Int: 18    God:    Cheibriados [****..]
Gold:   660        SH: 19    Dex: 20    Spells: 10/10 levels left

rFire    . . .     SeeInvis +   a - +2 broad axe (vorpal)
rCold    + . .     Faith    .   c - +0 kite shield
rNeg     . . .     Spirit   .   n - +2 scale mail {rF+}
rPois    +         Reflect  +   (helmet unavailable)
rElec    .         Harm     .   y - scarf {repulsion}
rCorr    +         Rampage  .   O - +0 pair of gloves of Ru's Favour {-Tele Regen+ rCorr}
Will     +....                  G - +2 pair of boots
Stlth    ..........             D - amulet of reflection
HPRegen  0.65/turn              b - ring of ice
MPRegen  0.12/turn              o - ring of poison resistance

@: repel missiles, very slow
A: permanent stasis, dig shafts and tunnels, four strong arms, antennae 3
a: Dig, Shaft Self, Renounce Religion, Bend Time, Temporal Distortion, Slouch


You were on level 11 of the Dungeon.
You worshipped Cheibriados.
Cheibriados was greatly pleased with you.
You visited 2 branches of the dungeon, and saw 12 of its levels.

You collected 660 gold pieces.

Inventory:

Hand Weapons
 a - a +2 vorpal broad axe (weapon)
Missiles
 g - 458 stones
 k - 66 poisoned darts (quivered)
 m - 174 sling bullets
 u - 239 arrows
 C - 50 bolts
 L - 2 curare-tipped darts
Armour
 c - a +0 kite shield (worn)
 n - a +2 scale mail of fire resistance (worn)
 y - a scarf of repulsion (worn)
 G - a +2 pair of boots (worn)
 O - the +0 pair of gloves of Ru's Favour (worn) {-Tele Regen+ rCorr}
   (You found it on level 7 of the Dungeon)

   It prevents most forms of teleportation.
   It increases your rate of regeneration.
   It provides partial protection from all sources of acid and corrosion.
Jewellery
 b - a ring of ice (left hand)
 o - a ring of poison resistance (right hand)
 B - an uncursed amulet of regeneration
 D - an amulet of reflection (around neck)
Wands
 w - a wand of flame (5)
 E - a wand of enslavement (7)
Scrolls
 e - 2 scrolls of identify
 i - 6 scrolls of remove curse
 l - 4 scrolls of immolation {unknown}
 p - 2 scrolls of magic mapping {unknown}
 r - a scroll of enchant armour {unknown}
 s - 4 scrolls of enchant weapon {unknown}
 t - 2 scrolls of amnesia {unknown}
 v - a scroll of fog {unknown}
 z - a scroll of blinking {unknown}
 I - 2 scrolls of teleportation
 M - 4 scrolls of fear
 N - 3 scrolls of noise
Potions
 d - 2 potions of might
 f - 12 potions of curing
 h - a potion of brilliance {unknown}
 j - 5 potions of degeneration
 q - a potion of magic {unknown}
 x - a potion of heal wounds {unknown}
 A - a potion of mutation {unknown}
 F - a potion of haste
 H - 2 potions of flight
 J - a potion of ambrosia {unknown}
 K - a potion of berserk rage


   Skills:
 + Level 10.1 Fighting
 + Level 9.0 Axes
 + Level 10.0 Armour
 + Level 10.8 Shields


You had 10 spell levels left.
You didn't know any spells.
Your spell library contained the following spells:

 Spells                   Type           Power        Failure   Level
 Foxfire                  Conj/Fire      0%           36%         1
 Conjure Flame            Conj/Fire      0%           73%         3
 Inner Flame              Hex/Fire       0%           73%         3
 Sticky Flame             Conj/Fire      0%           98%         4
 Fireball                 Conj/Fire      0%           100%        5


Dungeon Overview and Level Annotations

Branches:
Dungeon (11/15)            Temple (1/1) D:6            Lair (0/6) D:10
    Orc (0/2) D:10

Altars:
Ashenzari
Cheibriados
Dithmenos
Elyvilon
Fedhas
Gozag
Hepliaklqana
Kikubaaqudgha
Makhleb
Nemelex Xobeh
Okawaru
Qazlal
Ru
Sif Muna
Trog
Uskayaw
Vehumet
Wu Jian
Xom
Yredelemnul
Zin
The Shining One

Shops:
D:6 !   D:9 :

Portals:
Abyss: D:8

Annotations:
D:8 2 transporters, 1994's ghost, novice DsVM


Innate Abilities, Weirdness & Mutations

You cannot be hasted, slowed, berserked, paralysed or teleported.
You can dig through walls and to a lower floor.
Your four strong arms can wield two-handed weapons with a shield.
You have a pair of large antennae on your head. (SInv)


Message History

Unknown command.
Unknown command.
Are you sure you want to shaft yourself?
You block the ten-headed hydra's attack. x2
The ten-headed hydra bites you but does no damage.
The ten-headed hydra bites you! x2
* * * LOW HITPOINT WARNING * * *
You block the ten-headed hydra's attack.
The ten-headed hydra bites you but does no damage.
The ten-headed hydra bites you.
* * * LOW HITPOINT WARNING * * *
The ten-headed hydra bites you but does no damage. x2
You begin to dig a shaft.
You continue digging a shaft.
The ten-headed hydra bites you!
* * * LOW HITPOINT WARNING * * *
You block the ten-headed hydra's attack. x2
The ten-headed hydra bites you but does no damage.
The ten-headed hydra completely misses you.
The ten-headed hydra bites you!
You die...

#....###.
#.....#..
##........
#......... {
#.......<.
#....... ##..).#
#..@D.##..
#..........
##.............
#........_..#..
#.............#
##.............##
####...#######.#
..# ###....###
##...##..# #
####...####
##........###


You could see a ten-headed hydra.

Vanquished Creatures
  A centaur warrior (D:9)
  Pikel (D:8)
  Maggie (D:7)
  A komodo dragon (D:11)
  Grinder (D:4)
  Prince Ribbit (D:6)
  A wraith (D:10)
  Sigmund (D:3)
  Duvessa (D:7)
  7 ice beasts
  5 orc warriors
  6 sky beasts
  A black bear (D:9)
  7 ogres
  A necrophage (D:8)
  5 centaurs
  2 lemures (D:8)
  7 bullfrogs
  2 gnoll sergeants
  Dowan (D:7)
  4 scorpions
  5 killer bees (D:10)
  3 wights (D:9)
  4 jellies
  6 hounds
  Crazy Yiuf (D:2)
  A bullfrog skeleton (D:4)
  2 orc priests (D:3)
  3 centaur skeletons
  2 gnoll shamans
  Terence (D:2)
  An iguana (D:6)
  Natasha (thrice) (D:3)
  5 orc wizards
  4 worker ants
  A hound zombie (D:7)
  25 gnolls
  12 adders
  6 white imps
  2 ufetubi
  2 oozes (D:2)
  An adder skeleton (D:9)
  3 worms
  2 dart slugs
  7 leopard geckos
  32 orcs
  A ball python (D:6)
  10 bats
  3 giant cockroaches
  7 goblins
  8 hobgoblins
  4 jackals (D:5)
  8 kobolds
  4 quokkas
  4 frilled lizards
  11 rats
251 creatures vanquished.

Vanquished Creatures (others)
  3 fungi (D:2)
  A plant (D:1)
4 creatures vanquished.

Grand Total: 255 creatures vanquished

Notes
Turn   | Place    | Note
-------+----------+-------------------------------------------
     0 | D:1      | Yorgos the Formicid Fighter began the quest for the Orb.
     0 | D:1      | Reached XP level 1. HP: 18/18 MP: 1/1
    87 | D:1      | Reached XP level 2. HP: 24/24 MP: 2/2
   397 | D:1      | Reached XP level 3. HP: 29/29 MP: 3/3
  1056 | D:2      | Noticed Terence
  1281 | D:2      | Reached XP level 4. HP: 19/37 MP: 4/4
  1661 | D:2      | Killed Terence
  1662 | D:2      | Reached XP level 5. HP: 37/42 MP: 5/5
  2148 | D:2      | Found a runed translucent door.
  2149 | D:2      | Noticed Crazy Yiuf
  2158 | D:2      | Killed Crazy Yiuf
  2457 | D:3      | Reached XP level 6. HP: 49/49 MP: 6/6
  2501 | D:3      | Noticed Sigmund
  2603 | D:3      | Killed Sigmund
  2604 | D:3      | Reached skill level 5 in Shields
  2604 | D:3      | Reached XP level 7. HP: 48/55 MP: 7/7
  2724 | D:3      | Noticed Natasha
  2728 | D:3      | Killed Natasha
  2729 | D:3      | Reached skill level 5 in Fighting
  2852 | D:3      | Reached skill level 5 in Armour
  3203 | D:3      | Noticed Natasha
  3213 | D:3      | Killed Natasha
  3288 | D:3      | Noticed Natasha
  3315 | D:3      | Killed Natasha
  3598 | D:4      | Noticed Grinder
  3628 | D:4      | Killed Grinder
  3629 | D:4      | Reached XP level 8. HP: 23/64 MP: 8/8
  3951 | D:4      | Found a sacrificial altar of Ru.
  4807 | D:5      | Entered Level 5 of the Dungeon
  4894 | D:5      | Found a sacrificial altar of Ru.
  5050 | D:5      | Reached skill level 5 in Axes
  5245 | D:5      | Found an iron altar of Okawaru.
  5838 | D:6      | Found Tecir's Distillery.
  5861 | D:6      | Reached XP level 9. HP: 71/71 MP: 9/9
  6009 | D:6      | Noticed Prince Ribbit
  6023 | D:6      | Found a staircase to the Ecumenical Temple.
  6042 | D:6      | Killed Prince Ribbit
  6167 | Temple   | Entered the Ecumenical Temple
  6220 | Temple   | Became a worshipper of Cheibriados the Contemplative
  6486 | D:7      | Noticed Duvessa
  6486 | D:7      | Noticed Dowan
  6499 | D:7      | Killed Duvessa
  6504 | D:7      | Killed Dowan
  6622 | D:7      | Found a basalt altar of Yredelemnul.
  6637 | D:7      | Noticed Maggie
  6669 | D:7      | Killed Maggie
  7030 | D:7      | Reached XP level 10. HP: 80/80 MP: 10/10
  7112 | D:7      | Reached * piety under Cheibriados
  7142 | D:7      | Found a glowing silver altar of Zin.
  7284 | D:7      | Found a shimmering altar of Xom.
  7618 | D:7      | Got a pair of heavily runed gloves
  7628 | D:7      | Identified the +0 pair of gloves of Ru's Favour {-Tele
                  | Regen+ rCorr} (You found it on level 7 of the Dungeon)
  7648 | D:7      | Identified a scroll of acquirement
  7649 | D:7      | Acquired a +2 vorpal broad axe
  7727 | D:8      | Noticed Pikel
  7736 | D:8      | Killed Pikel
  8005 | D:8      | Found a one-way gate to the infinite horrors of the Abyss.
  8005 | D:8      | Noticed 1994's ghost (novice DsVM)
  8014 | D:8      | Found a transporter.
  8015 | D:8      | Noticed a green ugly thing
  8020 | D:8      | Found a transporter.
  8024 | D:8      | Reached ** piety under Cheibriados
  8245 | D:8      | Identified the cursed +1 rapier "Utoeh" {distort, rF+ rC+}
  8801 | D:9      | Noticed a centaur warrior
  8806 | D:9      | Reached skill level 10 in Shields
  8811 | D:9      | Killed a centaur warrior
  8811 | D:9      | Reached *** piety under Cheibriados
  8812 | D:9      | Reached XP level 11. HP: 79/89 MP: 11/11
  8860 | D:9      | Found Gathyesch's Book Boutique.
  8981 | D:10     | Entered Level 10 of the Dungeon
  8981 | D:10     | Found a staircase to the Orcish Mines.
  9106 | D:10     | Found a staircase to the Lair.
  9258 | D:10     | Reached **** piety under Cheibriados
  9502 | D:11     | Found an iron altar of Okawaru.
  9578 | D:11     | Reached skill level 10 in Fighting
  9687 | D:11     | Noticed an eight-headed hydra
  9695 | D:11     | Reached skill level 10 in Armour
  9697 | D:11     | Slain by a ten-headed hydra

Illustrated notes

Levels and vault maps discovered:
D:1:      matt_arrival_refuge, layout_basic, serial_forest,
          infiniplex_forest_lined_corner, infiniplex_forest_join,
          infiniplex_forest_corner_2, infiniplex_forest_straight_2,
          infiniplex_forest_corner_1, infiniplex_forest_clump_C,
          infiniplex_forest_lined_room_2, nrook_campfire,
          hangedman_abyss_or_decor_lesser_grid
D:2:      layout_rooms, kennysheep_generic_room_10, uniq_crazy_yiuf_cottage,
          uniq_terence
D:3:      cheibrodos_pilgrimage, layout_rooms, uniq_sigmund, uniq_natasha
D:4:      layout_layer_cave, serial_bayou_pond_c, nicolae_ru_awakened_eye,
          uniq_grinder
D:5:      layout_loops_corners, kennysheep_mini_moat, basic_altar
D:6:      layout_cave_pools, minmay_temple_entry_statues_pillars, serial_shops,
          shop, st_stairs_7, minmay_misc_feat_chi, uniq_prince_ribbit1
D:7:      layout_loops_corners, lemuel_doored_altar, zin_academy,
          overflow_temple_1_default, kennysheep_generic_room_2, uniq_duvessa,
          uniq_maggie
D:8:      layout_loops_ring, gammafunk_ghost_abyssal_escape, uniq_pikel
D:9:      layout_roguey, serial_shops, shop
D:10:     layout_roguey, lair_entry_dummy, orc_david_3, dk_noncrumbling_3
D:11:     layout_cave_pods, basic_altar
Temple:   compressed_dpeg_circular_temple

Skill      XL: |  1  2  3  4  5  6  7  8  9 10 11 |
---------------+----------------------------------+-----
Shields        | 4 5 6 7 8 10 | 10.8
Fighting       | 4 5 6 7 9 10 | 10.1
Axes           | 3 4 5 6 8 9 |  9.0
Armour         | 4 5 6 7 9 10 | 10.0

Action                   |  1- 3 |  4- 6 |  7- 9 | 10-12 || total
-------------------------+-------+-------+-------+-------++-------
Melee: War axe           |    74 |    36 |       |       ||   110
       Hand axe          |       |    92 |   526 |    60 ||   678
       Broad axe         |       |       |       |   235 ||   235
Throw: Dart              |       |       |     3 |       ||     3
 Abil: Dig               |       |     6 |     5 |       ||    11
       Shaft Self        |       |       |       |     1 ||     1
Evoke: Wand              |       |       |     2 |       ||     2
  Use: Scroll            |       |       |       |    13 ||    13
Armor: Scale mail        |    41 |    51 |   157 |   118 ||   367
Dodge: Dodged            |    33 |    43 |   141 |   100 ||   317
Block: Kite shield       |    47 |    71 |   259 |   315 ||   692
       Reflection        |       |       |       |     3 ||     3
